 Dungeon Crawl Stone Soup version 0.13-a0-2676-gd993d8a (webtiles) character file.

121 4tharraofdagon the Firebug (level 3, -1/27 HPs)
             Began as a Djinni Fire Elementalist on Aug 12, 2013.
             Slain by a centaur (7 damage)
             ... on Level 5 of the Dungeon.
             The game lasted 00:03:30 (853 turns).

4tharraofdagon the Firebug (DjFE)                    Turns: 853, Time: 00:03:30

HP  -1/27        AC  2     Str  8      XL: 3   Next: 46%
MP   0/0         EV 12     Int 21      God:
Gold 75          SH  0     Dex 13      Spells:  2 memorised,  2 levels left

Res.Fire  : + + +   See Invis. : .   e - +0 short sword
Res.Cold  : x . .   Warding    : .   a - +0 robe
Life Prot.: + + +   Conserve   : .   (no shield)
Res.Poison: .       Res.Corr.  : .   (no helmet)
Res.Elec. : .       Clarity    : .   (no cloak)
Sust.Abil.: . .     Spirit.Shd : .   (no gloves)
Res.Mut.  : .       Stasis     : .   (boots unavailable)
Res.Rott. : .       Flight     : .   (no amulet)
Saprovore : . . .                    (no ring)
                                     j - ring of flight

@: brilliant, not resistant to hostile enchantments, unstealthy
A: fire immunity, cold vulnerability, life protection 3
a: Evoke Flight


You were on level 5 of the Dungeon.
You were not hungry.

You visited 1 branch of the dungeon, and saw 5 of its levels.

You collected 55 gold pieces.

Inventory:

Hand weapons
 e - a +0,+0 short sword (weapon)
Armour
 a - a +0 robe (worn)
Scrolls
 g - a scroll of remove curse {unknown}
Jewellery
 j - a ring of flight (left hand)
Books
 b - a book of Flames

   Spells                             Type                      Level
   *Flame Tongue                      Conjuration/Fire             1
   Throw Flame                        Conjuration/Fire             2
   *Conjure Flame                     Conjuration/Fire             3
   Inner Flame                        Hexes/Fire                   3
   Sticky Flame                       Conjuration/Fire             4
   Fireball                           Conjuration/Fire             5


   Skills:
 - Level 1.7 Dodging
 - Level 1.5 Stealth
 + Level 2.0 Spellcasting
 * Level 2.6 Conjurations
 * Level 4.7 Fire Magic


You had 2 spell levels left.
You knew the following spells:

 Your Spells              Type           Power        Failure   Level  Hunger
a - Flame Tongue          Conj/Fire      ####.        1%          1    #......
b - Conjure Flame         Conj/Fire      ####....     1%          3    ###....


Dungeon Overview and Level Annotations

Branches:
Dungeon (5/27)
 Temple: D:4-7

Altars:
Ashenzari
Cheibriados
Fedhas


Innate Abilities, Weirdness & Mutations

You are immune to all types of fire, even holy and hellish.
You are vulnerable to cold.
You need no food.
You have no legs.
You are immune to negative energy.


Message History

The flame hits the centaur.
The centaur appears unharmed.
The centaur barely misses you.
Casting: Flame Tongue
Confirm with . or Enter, or press ? or * to list all spells.
Aiming: Flame Tongue
Press: ? - help, Shift-Dir - straight line, f/p - centaur
Aim: a centaur (black smoke)
The flame hits the centaur.
The centaur is moderately wounded.
The centaur hits you! The centaur hits you.
* * * LOW HITPOINT WARNING * * *
Casting: Flame Tongue
Confirm with . or Enter, or press ? or * to list all spells.
Aiming: Flame Tongue
Press: ? - help, Shift-Dir - straight line, f/p - centaur
Aim: a centaur (black smoke, moderately wounded)
The flame hits the centaur.
The centaur is severely wounded.
The centaur hits you!
You die...

* *,# ** ,,*.***** #.#
######.###*,***,.,,..#####.###
...#....a.,** **.###.........#
.......#*,** *#.########.#.#
*#$#,*,,,,* #.# #.#.#
#.#.#,**.* ##.# #.#.#
#.#..,,*#.#####§§########.#.#
#.#..,,.%...§ac§§§........#.#
#.#..,,
#...###@§##########.####
#.#.#***#.#.#≈#.§§.#
#.........# #.#.# #.#.###§##.#
#.####.##.# #.#.#
*#.#..§§§##.# #.# #.##.# #.#.#
##...#.#§###.# #.# ##.##.#
#.#.###.###....# #.# #.#
#..##.# #.#.....# #....# #.#
#.# #.###.#
#....<).###.(.####.# #.# #.#
#.# #######............#
#.###.###.#


You could see a centaur and a worker ant.

Vanquished Creatures
  2 adders
  2 giant geckos (D:3)
  An orc (D:3)
  A bat (D:3)
  5 hobgoblins
  3 kobolds
  2 ball pythons
  2 giant newts (D:1)
  5 goblins
23 creatures vanquished.

Notes
Turn   | Place    | Note
--------------------------------------------------------------
     0 | D:1      | 4tharraofdagon, the Djinni Fire Elementalist, began the quest for the Orb.
     0 | D:1      | Reached XP level 1. HP: 14/14 MP: 0/0
   160 | D:3      | Reached XP level 2. EP: 10/21
   511 | D:3      | Noticed an orc priest
   533 | D:2      | Reached XP level 3. EP: 19/27
   538 | D:2      | Learned a level 3 spell: Conjure Flame
   716 | D:5      | Entered Level 5 of the Dungeon
   737 | D:5      | Noticed a sky beast
   769 | D:5      | Found a blossoming altar of Fedhas.
   769 | D:5      | Found a snail-covered altar of Cheibriados.
   769 | D:5      | Found a shattered altar of Ashenzari.
   838 | D:5      | Noticed a centaur
   853 | D:5      | Slain by a centaur

Action                   || total
-------------------------++-------
Melee: Short sword       ||     3
 Cast: Flame Tongue      ||    49
  Use: Scroll            ||     8
       Potion            ||     2
